 Dungeon Crawl Stone Soup version 0.19-a0-593-gf2cdb02 (webtiles) character file.

150374 Kidiri the Eclecticist (level 16, -11/138 HPs)
             Began as a Deep Elf Fire Elementalist on June 10, 2016.
             Was the Champion of Vehumet.
             Mangled by a jumping spider (23 damage)
             ... on level 4 of the Spider Nest.
             The game lasted 02:34:23 (42974 turns).

Kidiri the Eclecticist (DEFE)                      Turns: 42974, Time: 02:34:24

Health: -11/138    AC: 23    Str: 14    XL:     16   Next: 98%
Magic:  32/38      EV: 18    Int: 32    God:    Vehumet [******]
Gold:   2832       SH:  0    Dex: 17    Spells: 13 memorised, 1 level left

rFire  . . .     SeeInvis .     b - +7 falchion of the Lame Duck {flame, rN++ MP-9 Str+2 Int+6}
rCold  + . .     Gourm    .     Q - +0 mottled dragon armour
rNeg   + + .     Faith    .     D - +2 buckler of Grot {MR+ Str+2 Dex+2}
rPois  .         Spirit   .     R - +2 helmet
rElec  .         Dismiss  .     H - +2 cloak
rCorr  .         Reflect  +     K - +2 pair of gloves
SustAt .         Harm     .     n - +2 pair of boots
MR     ++...                    l - +6 amulet of reflection
Stlth  ..........               G - ring of magical power
                                T - ring of protection from cold

@: confused, berserking, lethally poisoned (-11 -> -27), very slightly
contaminated, delayed fireball, repel missiles, very quick, very resistant to
hostile enchantments, extremely unstealthy
A: claws 1, large bone plates 1, camouflage 2, dopey 1, regeneration 1
a: Renounce Religion, Release Delayed Fireball


You were on level 4 of the Spider Nest.
You worshipped Vehumet.
Vehumet was exalted by your worship.
You were not hungry.

You visited 5 branches of the dungeon, and saw 28 of its levels.
You also visited: Ossuary and Ice Cave.

You collected 2832 gold pieces.

Inventory:

Hand Weapons
 b - the +7 falchion of the Lame Duck (weapon) {flame, rN++ MP-9 Str+2 Int+6}
   (You found it in an ice cave)

   It has been specially enchanted to burn those struck by it, causing extra
   injury to most foes and up to half again as much damage against particularly
   susceptible opponents.
   Big, fiery blades are also staple armaments of hydra-hunters.
   It affects your strength (+2).
   It affects your intelligence (+6).
   It greatly protects you from negative energy.
   It affects your magic capacity (-9).
 M - a +4 dagger of venom
Armour
 n - a +2 pair of boots (worn)
 p - a +2 leather armour of fire resistance
 D - the +2 buckler of Grot (worn) {MR+ Str+2 Dex+2}
   (You found it on level 3 of the Lair of Beasts)

   It affects your strength (+2).
   It affects your dexterity (+2).
   It affects your resistance to hostile enchantments.
 H - a +2 cloak (worn)
 K - a +2 pair of gloves (worn)
 Q - a +0 mottled dragon armour (worn)
 R - a +2 helmet (worn)
 V - the +4 scale mail of Lyuqaum {rElec rPois rF+++ Dex-2}
   (You found it on level 1 of the Spider Nest)

   It affects your dexterity (-2).
   It renders you almost immune to fire.
   It insulates you from electricity.
   It protects you from poison.
Jewellery
 d - a +2 ring of protection
 l - a +6 amulet of reflection (around neck)
 G - a ring of magical power (right hand)
 S - an uncursed ring of fire
 T - a ring of protection from cold (left hand)
Wands
 e - a wand of teleportation (3/9)
 L - a wand of teleportation (4/9)
Scrolls
 c - 2 scrolls of summoning
 h - a scroll of amnesia
 o - 8 scrolls of remove curse
 q - 3 scrolls of magic mapping
 v - 11 scrolls of fog
 y - 6 scrolls of teleportation
 E - 4 scrolls of blinking
 I - 8 scrolls of identify
 O - 2 scrolls of fear
 X - 3 scrolls of recharging
Potions
 f - 3 potions of heal wounds
 i - a potion of cancellation
 k - 5 potions of ambrosia
 m - 3 potions of berserk rage
 r - 10 potions of brilliance
 s - 4 potions of resistance
 t - 4 potions of flight
 u - 3 potions of might
 x - 2 potions of agility
 z - 3 potions of haste
 A - 2 potions of invisibility
 J - 6 potions of curing
 U - 3 potions of cure mutation
Books
 j - a book of Clouds

   Spells                             Type                      Level
   a - Mephitic Cloud                 Conjuration/Poison/Air       3
   b - Conjure Flame                  Conjuration/Fire             3
   c - Poisonous Cloud                Conjuration/Poison/Air       6
   d - Freezing Cloud                 Conjuration/Ice/Air          6
   e - Ring of Flames                 Charms/Fire                  7
Comestibles
 a - 4 meat rations
 w - 7 bread rations
 B - 8 slices of pizza


   Skills:
 + Level 7.6 Fighting
 - Level 8.8 Short Blades
 + Level 8.1 Armour
 - Level 10.3 Dodging
 - Level 2.4 Stealth
 - Level 4.8 Shields
 * Level 16.8 Spellcasting
 * Level 14.0 Conjurations
 * Level 12.8 Fire Magic
 * Level 10.3 Air Magic
 + Level 8.8 Evocations


You had one spell level left.
You knew the following spells:

 Your Spells              Type           Power        Failure   Level  Hunger
a - Flame Tongue          Conj/Fire      #####        0%          1    None
b - Throw Flame           Conj/Fire      ######       0%          2    None
c - Conjure Flame         Conj/Fire      #######.     1%          3    None
d - Ignite Poison         Fire/Tmut/Pois ######..     1%          3    None
e - Inner Flame           Hex/Fire       ######..     1%          3    None
f - Sticky Flame          Conj/Fire      #######.     1%          4    None
g - Bolt of Magma         Conj/Fire/Erth ######....   1%          5    None
h - Fireball              Conj/Fire      #######...   1%          5    None
i - Bolt of Fire          Conj/Fire      #######...   1%          6    #......
j - Delayed Fireball      Conj/Fire      N/A          2%          7    ####...
k - Ring of Flames        Chrm/Fire      ######....   95%         7    ####...
m - Olgreb's Toxic Radia  Pois           ####....     5%          4    None
n - Repel Missiles        Chrm/Air       ######       1%          2    None


Dungeon Overview and Level Annotations

Branches:
Dungeon (15/15)            Temple (1/1) D:5            Lair (6/6) D:9
 Shoals (0/4) Lair:4       Spider (4/4) Lair:3        Slime (0/5) Lair:6
    Orc (2/2) D:9             Elf (0/3) Orc:2        Vaults (0/5) D:13
 Depths (0/5) D:15

Altars:
Ashenzari
Cheibriados
Dithmenos
Elyvilon
Fedhas
Gozag
Kikubaaqudgha
Makhleb
Nemelex Xobeh
Okawaru
Pakellas
Qazlal
Ru
Sif Muna
Trog
Uskayaw
Vehumet
Xom
Yredelemnul
Zin
The Shining One
Beogh

Shops:
Orc:2 =***


Innate Abilities, Weirdness & Mutations

You have sharp fingernails.
You are partially covered in large bone plates. (AC +2, SH +2)
Your skin blends seamlessly with your surroundings (Stealth++).
You are dopey. (Int -2)
Your natural rate of healing is unusually fast.


Message History

You are confused.
The wolf spider hits you but does no damage.
The wolf spider bites you.
* * * LOW HITPOINT WARNING * * *
You are poisoned.
The wolf spider poisons you! The jumping spider pounces on you.
* * * LOW HITPOINT WARNING * * *
The jumping spider barely misses you. The tarantella completely misses you.
The hornet barely misses you.
You feel a strong urge to attack something.
* * * LOW HITPOINT WARNING * * *
You feel sick.
The jumping spider completely misses you.
The jumping spider bites you.
* * * LOW HITPOINT WARNING * * *
The wolf spider hits you.
* * * LOW HITPOINT WARNING * * *
The wolf spider misses you. The moth of wrath closely misses you.
The jumping spider pounces on you!!
You die...

..............^.
.........%......
................
................
^..^............
.........s......
#.......s.......
#......@sy......
#......ys.......
#...<..y........
#...............
#...............
#..........s....
###.............
#.............


You could see a wolf spider, a moth of wrath, 2 hornets, an orb spider, a
jumping spider (berserk), a tarantella (berserk) and a redback.

Vanquished Creatures
  Rupert (D:15)
  A tengu reaver (D:14)
  A fire giant (D:14)
  Maud (D:13)
  Donald (Orc:2)
  An emperor scorpion (Spider:2)
  A frost giant (IceCv)
  Nessos (Orc:2)
  Snorg (D:11)
  2 fire dragons
  5 ogre magi
  4 entropy weavers
  5 hydras
  2 rakshasas (D:15)
  5 centaur warriors
  Erica (D:11)
  6 death yaks
  Urug (Lair:1)
  An orc high priest (Orc:1)
  3 tengu warriors
  Nergalle (Lair:1)
  Sonja (Lair:1)
  A deep elf knight (D:14)
  5 skeletal warriors
  2 wizards (D:15)
  3 unseen horrors
  4 orc knights
  Pikel (D:8)
  5 hill giants
  A necromancer (D:15)
  10 orb spiders
  27 wolf spiders
  2 deep elf magi
  A hornet (Spider:2)
  2 griffons
  2 orc sorcerers (D:15)
  2 cyclopes
  3 manticores
  5 elephants
  A siren (Lair:4)
  Joseph (D:7)
  An ice statue (IceCv)
  3 torpor snails
  5 black mambas
  6 centaur zombies
  A black mamba (shapeshifter) (D:13)
  9 centaur skeletons
  A gargoyle (D:9)
  13 spiny frogs
  2 rime drakes
  3 kobold demonologists
  6 komodo dragons
  A tengu conjurer (D:15)
  3 demonic crawlers
  A freezing wraith (D:14)
  8 trolls
  3 meliai (D:15)
  A meliai (shapeshifter) (D:15)
  33 jumping spiders
  16 two-headed ogres
  A wolf spider simulacrum (D:15)
  14 polar bears
  3 slime creatures (D:15)
  14 blink frogs
  2 boulder beetles
  A centaur simulacrum (D:15)
  3 shadows
  A vampire (D:11)
  A hog (D:11)
  53 redbacks
  3 wyverns
  2 wraiths (D:13)
  16 tarantellas
  A human (D:11)
  66 yaks
  7 basilisks
  A hungry ghost (D:8)
  5 vampire mosquitoes
  4 steam dragons (Lair:6)
  13 hippogriffs
  A redback simulacrum (D:15)
  4 wargs
  A warg (shapeshifter) (D:15)
  3 mottled dragons
  A soldier ant (D:11)
  10 water moccasins
  8 porcupines
  A hornet simulacrum (D:15)
  2 swamp drakes (Lair:6)
  4 ice beasts
  5 sky beasts
  17 orc warriors
  2 eyes of draining
  3 phantoms
  A black bear (D:5)
  An eye of draining (shapeshifter) (D:14)
  A necrophage (D:7)
  29 ogres
  4 slaves (D:8)
  24 wolves
  25 centaurs
  18 crocodiles
  3 big kobolds
  An elf zombie (D:7)
  A gnoll sergeant (D:5)
  11 giant frogs
  2 elf skeletons (D:7)
  2 wyvern zombies
  A water moccasin zombie (D:8)
  3 scorpions
  21 killer bees
  3 wights (D:15)
  3 electric eels
  A howler monkey (D:4)
  6 jellies
  10 crimson imps
  A quasit (D:4)
  A human zombie (D:7)
  A giant frog skeleton (D:7)
  A giant frog zombie (D:11)
  9 hounds
  4 gnoll shamans (D:5)
  14 orc priests
  29 orc wizards
  A human skeleton (D:7)
  15 iguanas
  11 worker ants
  27 sheep
  2 killer bee zombies
  8 mummies (Ossuary)
  A howler monkey zombie (D:11)
  2 worker ant zombies
  43 gnolls
  14 adders
  24 river rats
  4 shadow imps
  12 white imps (Orc:1)
  2 oozes (Lair:6)
  5 worms
  3 adder skeletons
  6 giant geckos
  65 orcs
  12 bats
  9 giant cockroaches
  9 hobgoblins
  24 jackals
  10 kobolds
  8 quokkas
  A giant gecko skeleton (D:7)
  3 giant newts
  A gnoll zombie (Ossuary)
  7 goblins
  A hobgoblin zombie (Ossuary)
  2 kobold zombies (Ossuary)
  5 orc zombies
  19 rats
  8 plants
1108 creatures vanquished.

Vanquished Creatures (others)
  A centaur warrior (D:14)
  A cyclops (D:11)
  A yak (IceCv)
  A water moccasin (D:11)
  A wolf (IceCv)
  2 fungi
  2 plants (Lair:6)
9 creatures vanquished.

Grand Total: 1117 creatures vanquished

Notes
Turn   | Place    | Note
--------------------------------------------------------------
     0 | D:1      | Kidiri the Deep Elf Fire Elementalist began the quest for the Orb.
     0 | D:1      | Reached XP level 1. HP: 10/10 MP: 6/6
    80 | D:1      | Reached XP level 2. HP: 15/15 MP: 2/8
   212 | D:1      | Learned a level 2 spell: Throw Flame
   764 | D:1      | Reached XP level 3. HP: 19/19 MP: 8/10
   769 | D:1      | Learned a level 3 spell: Conjure Flame
   773 | D:1      | Learned a level 3 spell: Inner Flame
   896 | D:2      | Found a blossoming altar of Fedhas.
   907 | D:2      | Reached skill level 4 in Spellcasting
  1186 | D:2      | Reached XP level 4. HP: 24/24 MP: 1/12
  1215 | D:2      | Found an ancient bone altar of Kikubaaqudgha.
  1436 | D:2      | Found an opulent altar of Gozag.
  2664 | D:3      | Noticed a giant frog
  2670 | D:3      | Killed a giant frog
  2670 | D:3      | Reached skill level 5 in Spellcasting
  2670 | D:3      | Reached XP level 5. HP: 25/28 MP: 7/14
  2676 | D:3      | Learned a level 4 spell: Sticky Flame
  3483 | D:3      | Found a radiant altar of Vehumet.
  3484 | D:3      | Found a shadowy altar of Dithmenos.
  3489 | D:3      | Became a worshipper of Vehumet
  3559 | D:3      | Noticed a moth of wrath
  3562 | D:3      | Found a bloodstained altar of Trog.
  4071 | D:4      | Noticed an ice beast
  4077 | D:4      | Killed an ice beast
  4077 | D:4      | Reached skill level 6 in Spellcasting
  4077 | D:4      | Reached skill level 5 in Fire Magic
  4077 | D:4      | Reached XP level 6. HP: 32/32 MP: 6/17
  4420 | D:4      | Found a sacrificial altar of Ru.
  4566 | D:4      | Reached XP level 7. HP: 36/36 MP: 10/18
  4578 | D:4      | Learned a level 5 spell: Fireball
  4646 | D:4      | Found a sparkling altar of Nemelex Xobeh.
  4684 | D:4      | You fall through a shaft!
  4684 | D:5      | Entered Level 5 of the Dungeon
  4840 | D:5      | Reached * piety under Vehumet
  4840 | D:5      | Offered knowledge of Sting by Vehumet.
  5089 | D:4      | Reached skill level 1 in Short Blades
  5364 | D:5      | Reached skill level 1 in Fighting
  5364 | D:5      | Reached skill level 7 in Spellcasting
  5364 | D:5      | Reached skill level 5 in Conjurations
  5560 | D:5      | Found a burning altar of Makhleb.
  5599 | D:5      | Reached skill level 1 in Armour
  6000 | D:5      | Reached XP level 8. HP: 43/43 MP: 2/20
  6211 | D:5      | Reached ** piety under Vehumet
  6211 | D:5      | Offered knowledge of Sandblast by Vehumet.
  7275 | D:5      | Found an oddly glowing altar of Pakellas.
  7308 | D:5      | Found a staircase to the Ecumenical Temple.
  7350 | D:5      | Found a white marble altar of Elyvilon.
  7688 | Temple   | Entered the Ecumenical Temple
  7975 | D:6      | Offered knowledge of Ignite Poison by Vehumet.
  7980 | D:6      | Learned a level 3 spell: Ignite Poison
  8005 | D:6      | Reached skill level 8 in Spellcasting
  8713 | D:6      | Found a snail-covered altar of Cheibriados.
  8733 | D:6      | Reached XP level 9. HP: 48/48 MP: 23/23
  8991 | D:6      | Noticed a troll
  9004 | D:6      | Killed a troll
  9566 | D:7      | Reached *** piety under Vehumet
  9634 | D:7      | Found a sand-covered staircase.
  9645 | Ossuary  | Entered an ossuary
  9773 | Ossuary  | Reached skill level 9 in Spellcasting
  9854 | Ossuary  | Offered knowledge of Olgreb's Toxic Radiance by Vehumet.
  9860 | Ossuary  | Learned a level 4 spell: Olgreb's Toxic Radiance
 10099 | D:7      | Noticed Joseph
 10116 | D:7      | Killed Joseph
 10289 | D:7      | Reached skill level 5 in Dodging
 11071 | D:7      | Found a bloodstained altar of Trog.
 11092 | D:7      | Reached **** piety under Vehumet
 11102 | D:7      | Reached XP level 10. HP: 55/55 MP: 1/25
 11138 | D:7      | Offered knowledge of Fulminant Prism by Vehumet.
 11857 | D:6      | Reached skill level 10 in Spellcasting
 12493 | D:8      | Found an iron altar of Okawaru.
 12640 | D:8      | Noticed Pikel
 12647 | D:8      | Killed Pikel
 12867 | D:8      | Gained mutation: You have large cloven feet. [potion of mutation]
 12867 | D:8      | Gained mutation: You possess an exceptional clarity of mind. [potion of mutation]
 12867 | D:8      | Gained mutation: You have sharp fingernails. [potion of mutation]
 12868 | D:8      | Gained mutation: Your natural rate of healing is unusually fast. [potion of mutation]
 13223 | D:9      | Noticed a gargoyle
 13376 | D:9      | Noticed an elephant
 13377 | D:9      | Found a staircase to the Lair.
 13388 | D:9      | Killed an elephant
 13658 | D:9      | Found a sacrificial altar of Ru.
 13753 | D:9      | Found a blossoming altar of Fedhas.
 13889 | D:9      | Noticed a dagger
 13890 | D:9      | Noticed a dagger
 13913 | D:9      | Found a hide-covered altar of Uskayaw.
 13953 | D:9      | Got a clouded amethyst amulet
 13955 | D:9      | Identified the amulet "Ifyt" {Harm *Drain Str+3 Slay+2} (You found it on level 9 of the Dungeon)
 14018 | D:9      | Found a glowing golden altar of the Shining One.
 14235 | D:9      | Killed a gargoyle
 14339 | D:9      | Found a staircase to the Orcish Mines.
 14369 | D:9      | Noticed a hill giant
 14393 | D:9      | Killed a hill giant
 14393 | D:9      | Reached skill level 11 in Spellcasting
 14393 | D:9      | Reached XP level 11. HP: 60/60 MP: 6/28
 14441 | D:9      | Learned a level 6 spell: Bolt of Fire
 14770 | Lair:1   | Entered Level 1 of the Lair of Beasts
 14794 | Lair:1   | Noticed a four-headed hydra
 14811 | Lair:1   | Killed a four-headed hydra
 15084 | Lair:1   | Noticed Nergalle
 15089 | Lair:1   | Reached skill level 1 in Evocations
 15089 | Lair:1   | Killed Nergalle
 15089 | Lair:1   | Reached skill level 5 in Short Blades
 15250 | Lair:1   | Noticed Urug
 15259 | Lair:1   | Killed Urug
 15636 | Lair:1   | Reached ***** piety under Vehumet
 15636 | Lair:1   | Offered knowledge of Ozocubu's Refrigeration by Vehumet.
 15671 | Lair:1   | Reached skill level 10 in Fire Magic
 15831 | Lair:1   | Noticed Sonja
 15835 | Lair:1   | Killed Sonja
 16847 | Lair:2   | Found a bloodstained altar of Trog.
 16989 | Lair:2   | Reached skill level 12 in Spellcasting
 16989 | Lair:2   | Reached XP level 12. HP: 37/67 MP: 24/30
 17385 | Lair:2   | Reached skill level 5 in Armour
 18170 | Lair:3   | Learned a level 3 spell: Mephitic Cloud
 18437 | Lair:3   | Got a polished buckler
 18443 | Lair:3   | Identified the +2 buckler of Grot {MR+ Str+2 Dex+2} (You found it on level 3 of the Lair of Beasts)
 18454 | Lair:3   | Found a hole to the Spider Nest.
 18743 | Lair:3   | Reached skill level 1 in Air Magic
 18751 | Lair:3   | Learned a level 2 spell: Repel Missiles
 19131 | Lair:4   | Gained mutation: You are agile. (Dex +2) [potion of mutation]
 19131 | Lair:4   | Gained mutation: Your skin changes colour to match your surroundings (Stealth+). [potion of mutation]
 19132 | Lair:4   | Gained mutation: You are robust. (+10% HP) [potion of mutation]
 19153 | Lair:4   | Reached skill level 1 in Shields
 19153 | Lair:4   | Reached skill level 10 in Conjurations
 19243 | Lair:4   | Noticed a six-headed hydra
 19258 | Lair:4   | Killed a six-headed hydra
 20033 | Lair:4   | Lost mutation: You possess an exceptional clarity of mind. [potion of mutation]
 20033 | Lair:4   | Lost mutation: You are agile. (Dex +2) [potion of mutation]
 20440 | Lair:4   | Found a staircase to the Shoals.
 21138 | Lair:5   | Reached skill level 5 in Fighting
 21138 | Lair:5   | Reached skill level 13 in Spellcasting
 21142 | Lair:5   | Offered knowledge of Bolt of Magma by Vehumet.
 21254 | Lair:5   | Noticed a death yak
 21255 | Lair:5   | Noticed a death yak
 21268 | Lair:5   | Noticed a death yak
 21273 | Lair:5   | Killed a death yak
 21277 | Lair:5   | Killed a death yak
 21277 | Lair:5   | Killed a death yak
 21584 | Lair:5   | Reached XP level 13. HP: 79/79 MP: 18/32
 21649 | Lair:5   | Learned a level 5 spell: Bolt of Magma
 22277 | Lair:6   | Entered Level 6 of the Lair of Beasts
 22665 | Lair:6   | Found a staircase to the Slime Pits.
 22866 | Lair:6   | Noticed a fire dragon
 22884 | Lair:6   | Killed a fire dragon
 22884 | Lair:6   | Reached skill level 5 in Evocations
 24421 | Orc:1    | Entered Level 1 of the Orcish Mines
 24429 | Orc:1    | Reached skill level 5 in Air Magic
 24565 | Orc:1    | Found a frozen archway.
 24593 | IceCv    | Entered an ice cave
 25314 | IceCv    | Got a smoking falchion
 25383 | IceCv    | Reached skill level 14 in Spellcasting
 25624 | IceCv    | Offered knowledge of Delayed Fireball by Vehumet.
 25767 | IceCv    | Got a crude chain mail
 25954 | IceCv    | Learned a level 7 spell: Delayed Fireball
 25969 | IceCv    | Reached XP level 14. HP: 65/86 MP: 13/34
 26097 | IceCv    | Noticed a frost giant
 26213 | IceCv    | Killed a frost giant
 26344 | IceCv    | Identified the Almanac of the Bouncing Orbs
 26768 | Lair:1   | Identified the +0 chain mail "Oliomoen" {rF+ Str+3 Dex+3} (You found it in an ice cave)
 26775 | Lair:1   | Identified the +7 falchion of the Lame Duck {flame, rN++ MP-9 Str+2 Int+6} (You found it in an ice cave)
 27189 | Orc:2    | Entered Level 2 of the Orcish Mines
 27331 | Orc:2    | Noticed Donald
 27526 | Orc:1    | Found a roughly hewn altar of Beogh.
 28050 | Orc:2    | Killed Donald
 28196 | Orc:2    | Noticed Nessos
 28205 | Orc:2    | Killed Nessos
 28329 | Orc:2    | Found a staircase to the Elven Halls.
 28823 | Orc:2    | Found Qeyqeg's Assorted Antiques.
 28823 | Orc:2    | Found Kudaid's Assorted Antiques.
 28824 | Orc:2    | Found Juutoam's General Store.
 28824 | Orc:2    | Found Qimuahaawn's Jewellery Shop.
 29118 | D:10     | Entered Level 10 of the Dungeon
 30257 | D:11     | Offered knowledge of Conjure Ball Lightning by Vehumet.
 30406 | D:11     | Noticed Erica
 30415 | D:11     | Killed Erica
 31129 | D:11     | Noticed Snorg
 31136 | D:11     | Killed Snorg
 32116 | D:12     | Reached XP level 15. HP: 22/92 MP: 35/35
 32549 | D:13     | Reached skill level 15 in Spellcasting
 32557 | D:13     | Offered knowledge of Spellforged Servitor by Vehumet.
 32852 | D:13     | Noticed Maud
 32859 | D:13     | Killed Maud
 32890 | D:13     | Got an ebony trident {freeze}
 32931 | D:13     | Identified the +9 trident of Zofekk {freeze, rPois Int+2 Stlth-} (You took it off Maud on level 13 of the Dungeon)
 33306 | D:13     | Reached skill level 10 in Dodging
 33418 | D:13     | Gained mutation: You are dopey. (Int -2) [mutagenic meat]
 33878 | D:13     | Found a gate to the Vaults.
 34176 | D:14     | Found a shadowy altar of Dithmenos.
 34195 | D:14     | Lost mutation: You have large cloven feet. [mutagenic meat]
 34197 | D:14     | Gained mutation: Your skin blends seamlessly with your surroundings (Stealth++). [mutagenic meat]
 34660 | D:14     | Noticed a tengu reaver
 34668 | D:14     | Killed a tengu reaver
 34812 | D:14     | Noticed a fire giant
 34851 | D:14     | Killed a fire giant
 35552 | D:14     | Got a polished trident
 35553 | D:14     | Identified the +2 trident of Chance {venom, rC++ rN+ Str-3 SInv} (You found it on level 14 of the Dungeon)
 35582 | D:14     | Offered knowledge of Poison Arrow by Vehumet.
 35694 | D:15     | Entered Level 15 of the Dungeon
 35733 | D:15     | Lost mutation: You are robust. (+10% HP) [mutagenic meat]
 35734 | D:15     | Gained mutation: You are partially covered in large bone plates. (AC +2, SH +2) [mutagenic meat]
 35768 | D:15     | Reached ****** piety under Vehumet
 35865 | D:15     | Noticed Rupert
 35878 | D:15     | Killed Rupert
 36723 | D:15     | Reached XP level 16. HP: 92/92 MP: 24/37
 36726 | D:15     | Reached skill level 16 in Spellcasting
 36886 | D:15     | Learned a level 7 spell: Ring of Flames
 37270 | D:15     | Found a staircase to the Depths.
 37759 | Spider:1 | Entered Level 1 of the Spider Nest
 39050 | Spider:1 | Offered knowledge of Orb of Destruction by Vehumet.
 39252 | Spider:1 | Got an ancient scale mail
 39263 | Spider:1 | Identified the +4 scale mail of Lyuqaum {rElec rPois rF+++ Dex-2} (You found it on level 1 of the Spider Nest)
 40835 | Spider:2 | Reached skill level 10 in Air Magic
 42152 | Spider:3 | Got a pitted long sword
 42153 | Spider:3 | Identified the +8 long sword of Purpose {vamp, MR+ Str-3 Int+5} (You found it on level 3 of the Spider Nest)
 42733 | Spider:3 | Identified a scroll of acquirement
 42917 | Spider:4 | Entered Level 4 of the Spider Nest
 42974 | Spider:4 | Mangled by a jumping spider

Vault maps used:
D:1:      scummos_arrival_simple_fountains
D:2:      fedhas_altar_2, grunt_gozag_breadcrumbs, kiku_gazebo_garden_becter,
          st_stairs_12
D:3:      gammafunk_temple_overflow_statue, grunt_ministairs_6, tgw_trog
D:4:      nemelex_altar_shiori, first_bread, nicolae_ru_awakened_eye
D:5:      lemuel_castle_with_subvaults, nicolae_overflow_crystal_walls,
          lemuel_doored_altar, grunt_pakellas_basics,
          minmay_temple_entry_large_hall
D:6:      cheibrodos_worm_habitat, mrwooster_statue_mirror
D:7:      nicolae_overflow_hidden_temple, basic_altar,
          nicolae_ossuary_entry_catacombs, uniq_joseph
D:8:      lemuel_crystal_altar, uniq_pikel
D:9:      lemuel_crystal_altar, marbit_many_paths, dancing_weapons_uskayaw,
          david_lair_generic, david_orc_4, basic_altar
D:11:     lab_entry_generic, grunt_livestock, sword_in_stone, uniq_snorg
D:12:     wad_floor_pattern_2
D:13:     hangedman_vaults_entry_quadrant_bands, hangedman_abyss_or_decor_stabs,
          minmay_misc_feat_enclosed, uniq_maud
D:14:     kennysheep_bubble_arena, minmay_misc_feat_columns, lemuel_tele_altar
D:15:     grunt_enter_depths_magical_seal, serial_glass, glass_columns_a,
          glass_columns_a, glass_columns_a, glass_columns_a, item_on_display_a,
          item_on_display_a, feat_on_display, feat_on_display, uniq_rupert
Temple:   temple_island_7
Lair:1:   serial_bayou_shore_a, uniq_sonja, uniq_nergalle, uniq_urug
Lair:2:   basic_altar
Lair:3:   spider_nest_entry_funnel_web, infiniplex_staircase_pool,
          grunt_megastairs_5
Lair:4:   elwin_shoals_entry_rooms
Lair:5:   kennysheep_basilisk_garden, lemuel_fruit_tree
Lair:6:   guppyfry_lair_end_dragon, nicolae_slime_entry_slimehenge
Spider:2: nicolae_spider_cling_halls
Spider:3: nicolae_spider_mines_1, nicolae_spider_nook
Spider:4: grunt_spider_rune_parallel, uniq_asterion
Orc:1:    portal_ice_cave_entry_imps, kennysheep_orc_chapel
Orc:2:    st_orc_ogre_mass, uniq_donald, uniq_nessos
Ossuary:  ossuary_tomb_3
IceCv:    ice_cave_caverns_02

Skill      XL: |  1  2  3  4  5  6  7  8  9 10 11 12 13 14 15 16 |
---------------+-------------------------------------------------+-----
Conjurations   | 2 3 4 5 6 7 8 9 10 11 12 13 14 | 14.0
Spellcasting   | 4 5 6 7 8 9 11 12 13 14 15 16 | 16.8
Fire Magic     | 4 5 6 7 8 9 10 11 12 | 12.8
Dodging        | 3 4 5 6 7 8 9 10 | 10.3
Short Blades   | 1 3 4 5 6 7 8 |  8.8
Fighting       | 1 2 3 4 5 6 7 |  7.6
Armour         | 1 2 3 4 5 6 7 8 |  8.1
Evocations     | 3 4 5 6 7 8 |  8.8
Air Magic      | 3 5 7 8 10 | 10.3
Shields        | 1 3 4 |  4.8
Stealth        | |  2.4

Action                   |  1- 3 |  4- 6 |  7- 9 | 10-12 | 13-15 | 16-18 || total
-------------------------+-------+-------+-------+-------+-------+-------++-------
Melee: Dagger            |    19 |    14 |       |   428 |   167 |       ||   628
       Quarterstaff      |       |     3 |       |       |       |       ||     3
       War axe           |       |     6 |    78 |       |       |       ||    84
       Long sword        |       |       |    56 |    11 |       |       ||    67
       Falchion          |       |       |       |       |   417 |    37 ||   454
Throw: Throwing net      |       |       |     1 |       |       |       ||     1
 Cast: Flame Tongue      |    46 |    77 |   135 |   214 |   138 |    47 ||   657
       Throw Flame       |    14 |    57 |    99 |    52 |    43 |     9 ||   274
       Conjure Flame     |     1 |     4 |    17 |     7 |     5 |     1 ||    35
       Inner Flame       |     1 |     1 |    16 |     1 |       |     1 ||    20
       Sticky Flame      |       |       |    17 |    48 |    53 |    24 ||   142
       Ignite Poison     |       |       |     6 |    44 |   128 |   122 ||   300
       Olgreb's Toxic Ra |       |       |     3 |    38 |    78 |    55 ||   174
       Fireball          |       |       |     2 |     9 |     5 |     1 ||    17
       Bolt of Fire      |       |       |       |     1 |    75 |    58 ||   134
       Repel Missiles    |       |       |       |     1 |     3 |       ||     4
       Bolt of Magma     |       |       |       |       |    43 |       ||    43
       Delayed Fireball  |       |       |       |       |     1 |       ||     1
Evoke: Wand              |       |       |     2 |     1 |       |       ||     3
  Use: Potion            |       |     2 |     2 |     7 |     4 |     2 ||    17
       Scroll            |       |    14 |     8 |    12 |    13 |     4 ||    51
 Stab: Sleeping          |       |     1 |     5 |     7 |     8 |     4 ||    25
       Distracted        |       |       |     1 |       |     1 |       ||     2
  Eat: Chunk             |     1 |    11 |    13 |    18 |    36 |    11 ||    90
       Beef jerky        |       |       |     2 |       |     4 |     1 ||     7
       Pizza             |       |       |     1 |     1 |     1 |       ||     3
       Bread ration      |       |       |     1 |     2 |     2 |       ||     5
       Fruit             |       |       |       |     7 |    17 |    13 ||    37
Armor: Robe              |     3 |     6 |    47 |    65 |    60 |       ||   181
       Leather armour    |       |       |       |       |   160 |       ||   160
       Mottled dragon ar |       |       |       |       |    21 |    71 ||    92
       Scale mail        |       |       |       |       |       |     3 ||     3
Dodge: Dodged            |    33 |    34 |   146 |   268 |   538 |   115 ||  1134
       Deflected         |       |       |       |       |    14 |       ||    14
Block: Other             |     1 |     1 |    12 |    14 |       |       ||    28
       Reflection        |       |       |     2 |       |    20 |       ||    22
       Buckler           |       |       |       |    44 |   388 |   112 ||   544
